 Dungeon Crawl Stone Soup version 0.18-a0-455-gc7d4c65 (webtiles) character file.

380 M4edhros the Skirmisher (level 6, 0/51 HPs)
             Began as a Demigod Wanderer on Dec 2, 2015.
             Slain by an iguana (10 damage)
             ... on level 4 of the Dungeon.
             The game lasted 00:05:52 (2983 turns).

M4edhros the Skirmisher (Demigod Wanderer)          Turns: 2983, Time: 00:05:52

Health: 0/51       AC: 10    Str: 15    XL:     6   Next: 21%
Magic:  9/9        EV:  7    Int: 19    God:
Gold:   170        SH:  7    Dex: 16    Spells: 0 memorised, 5 levels left

rFire  . . .     SeeInvis .     z - +0 hand axe (curse)
rCold  + . .     Clarity  .     a - +4 scale mail
rNeg   . . .     SustAt   +     r - +0 shield
rPois  .         Gourm    .     (no helmet)
rElec  .         Spirit   .     (no cloak)
rCorr  .         Dsmss    .     (no gloves)
rMut   .         Stasis   +     (no boots)
MR     .....                    o - amulet of stasis
Stlth  ..........               t - ring of protection from cold
                                A - ring of loudness (curse)

@: not resistant to hostile enchantments, extremely unstealthy
A: high mp 1, sustain attributes
a: no special abilities


You were on level 4 of the Dungeon.
You were hungry.

You visited 1 branch of the dungeon, and saw 4 of its levels.

You collected 170 gold pieces.

Inventory:

Hand Weapons
 b - a +0 hand axe
 e - a +0 hand axe of venom
 g - a +2 mace of protection
 i - a +0 blowgun
 m - a +2 short sword of holy wrath
 u - a +1 hunting sling
 z - a cursed +0 hand axe (weapon)
Missiles
 j - 20 poisoned needles
 x - 19 sling bullets
 y - 164 stones (quivered)
Armour
 a - a +4 scale mail (worn)
 r - a +0 shield (worn)
Jewellery
 o - an amulet of stasis (around neck)
 t - a ring of protection from cold (right hand)
 v - an uncursed ring of see invisible {unknown}
 A - a cursed ring of loudness (left hand)
Wands
 c - a wand of random effects (9)
Scrolls
 h - 2 scrolls of fog
 p - a scroll of noise
 s - a scroll of enchant weapon
 B - 2 scrolls of fear
Potions
 k - a potion of invisibility
 l - a potion of magic {unknown}
 q - a potion of curing
Comestibles
 d - 2 bread rations
 f - 3 beef jerkies
 n - a meat ration


   Skills:
 + Level 3.4 Fighting
 - Level 3.3 Axes
 * Level 2.2 Slings
   Level 1.0 Bows
 + Level 3.2 Armour
 + Level 2.1 Dodging
 - Level 2.1 Stealth
 - Level 1.0 Evocations


You had 5 spell levels left.
You didn't know any spells.

Dungeon Overview and Level Annotations

Branches:
Dungeon (4/15)
 Temple: D:4-7


Innate Abilities, Weirdness & Mutations

You have an increased reservoir of magic (+10% MP).
Your attributes are resistant to harm.


Message History

The iguana barely misses you.
You hit the iguana.
The iguana is lightly wounded.
The iguana bites you.
You hit the iguana but do no damage.
The iguana is lightly wounded.
The iguana bites you.
You hit the iguana.
The iguana is heavily wounded.
You block the iguana's attack.
Your shield and scale mail prevent you from hitting the iguana.
The iguana is heavily wounded.
You are feeling hungry.
The iguana bites you.
* * * LOW HITPOINT WARNING * * *
You block the iguana's attack.
You hit the iguana.
The iguana is heavily wounded.
The iguana bites you!
You die...

#........# #.......
#........# #.......
.......## ........
#......#### ........
#........# ........
#........# ####.......
#........#+#.....#####
#....l.......####
#####@.......'.#
######........#.#
#.............#.#
#.............#.#
#####
...............#.#
#....
...............#.#
#.###
...............#.# #.#
%........#######.# #.#
.........# #.###.#


You could see an iguana.

Vanquished Creatures
  A phantom (D:4)
  A centaur zombie (D:3)
  An orc priest (D:4)
  Jessica (D:3)
  2 worker ants (D:4)
  6 adders
  2 worms (D:2)
  4 giant geckos
  8 orcs
  9 bats
  4 giant cockroaches
  11 hobgoblins
  4 jackals
  3 quokkas
  2 giant newts
  8 goblins
  9 kobolds
  6 rats
82 creatures vanquished.

Notes
Turn   | Place    | Note
--------------------------------------------------------------
     0 | D:1      | M4edhros the Demigod Wanderer began the quest for the Orb.
     0 | D:1      | M4edhros set off with: a +2 scale mail, a +0 hand axe, a wand of random effects (15), a bread ration
     0 | D:1      | Reached XP level 1. HP: 17/17 MP: 3/3
   130 | D:1      | Reached skill level 3 in Axes
   340 | D:1      | Reached XP level 2. HP: 24/24 MP: 5/5
   744 | D:2      | Reached XP level 3. HP: 24/29 MP: 6/6
  1245 | D:2      | Reached skill level 1 in Dodging
  1463 | D:3      | Reached XP level 4. HP: 34/37 MP: 7/7
  1523 | D:3      | Noticed Jessica
  1528 | D:3      | Killed Jessica
  1997 | D:3      | Found a radiant altar of Vehumet.
  2129 | D:3      | Reached XP level 5. HP: 30/44 MP: 8/8
  2521 | D:4      | Reached skill level 1 in Slings
  2570 | D:4      | Found a shadowy altar of Dithmenos.
  2570 | D:4      | Noticed a phantom
  2615 | D:4      | Killed a phantom
  2615 | D:4      | Reached XP level 6. HP: 18/51 MP: 9/9
  2983 | D:4      | Slain by an iguana

Vault maps used:
D:1:      co_arrival_square_in_a_square_in_a_square, minmay_stone_trees_medium
D:2:      minivault_19, minmay_misc_feat_pillars, hex_medium, corner_web_ring
D:3:      vehumet_crystals, st_stairs_5, uniq_jessica
D:4:      grunt_dithmenos_shadows

Action                   |  1- 3 |  4- 6 || total
-------------------------+-------+-------++-------
Melee: Hand axe          |    53 |   148 ||   201
       Short sword       |   115 |    67 ||   182
Evoke: Wand              |       |     6 ||     6
  Use: Scroll            |       |    10 ||    10
       Potion            |       |     5 ||     5
  Eat: Chunk             |     1 |     6 ||     7
